 Dungeon Crawl Stone Soup version 0.30-a0-627-gc11e7ae810 (webtiles) character file.

Game seed: 5821270817075636556

86 lucaryo306 the Cutter (level 4, -4/34 HPs)
             Began as a Gnoll Wanderer on Dec 7, 2022.
             Slain by Natasha (8 damage)
             ... on level 2 of the Dungeon on Jan 12, 2023.
             The game lasted 00:12:31 (1518 turns).

lucaryo306 the Cutter (Gnoll Wanderer)              Turns: 1518, Time: 00:12:31

Health: -4/34      AC:  3    Str: 12    XL:     4   Next: 50%
Magic:  5/5        EV: 11    Int:  7    God:
Gold:   24         SH:  0    Dex: 17    Spells: 5/5 levels left

rFire   + . .      SeeInvis .    a - +2 falchion
rCold   + . .      Faith    .    k - orb {guile}
rNeg    . . .      Spirit   .    e - +0 leather armour
rPois   .          Reflect  .    (no helmet)
rElec   .          Harm     .    (no cloak)
rCorr   .          Rampage  .    (no gloves)
Will    .....                    (no boots)
Stlth   ++                       (no amulet)
HPRegen 0.25/turn                h - ring of protection from fire
MPRegen 0.09/turn                n - ring of protection from cold

@: no status effects
A: fangs 1, strong nose, distributed training
a: no special abilities


You were on level 2 of the Dungeon.
You visited 1 branch of the dungeon, and saw 2 of its levels.

You collected 24 gold pieces.

Inventory:

Hand Weapons
 a - a +2 falchion (weapon)
 b - a +0 short sword
 l - a +0 dagger
Missiles
 j - 6 stones
Armour
 e - a +0 leather armour (worn)
 k - an orb of guile (worn)
Jewellery
 h - a ring of protection from fire (left hand)
 n - a ring of protection from cold (right hand)
Wands
 c - a wand of flame (6) (quivered)
Scrolls
 i - a scroll of identify
 m - a scroll of butterflies {unknown}
Potions
 d - a potion of lignification
 f - a potion of ambrosia {unknown}
 g - 4 potions of curing


   Skills:
 + Level 2.8 Fighting
 + Level 6.6 Short Blades
 + Level 4.7 Long Blades
 + Level 1.2 Axes
 + Level 1.2 Maces & Flails
 + Level 1.2 Polearms
 + Level 1.2 Staves
 + Level 1.2 Ranged Weapons
 + Level 2.8 Throwing
 + Level 2.8 Armour
 + Level 1.2 Dodging
 + Level 1.2 Stealth
 + Level 1.2 Shields
 + Level 1.2 Unarmed Combat
 + Level 1.2 Spellcasting
 + Level 1.0 Conjurations
 + Level 1.0 Hexes
 + Level 1.0 Summonings
 + Level 1.0 Necromancy
 + Level 1.0 Translocations
 + Level 1.0 Transmutations
 + Level 1.0 Fire Magic
 + Level 1.0 Ice Magic
 + Level 1.0 Air Magic
 + Level 1.0 Earth Magic
 + Level 1.0 Poison Magic
 + Level 1.3 Invocations
 + Level 4.7 Evocations


You had 5 spell levels left.
You didn't know any spells.
Your spell library contained the following spells:

 Spells                   Type           Power      Damage    Failure   Level
 Freeze                   Ice            4%         1d3       34%         1
 Shock                    Conj/Air       4%         1d3       34%         1
 Sublimation of Blood     Necr           1%         N/A       45%         2
 Frozen Ramparts          Ice            2%         1d1       71%         3
 Hailstorm                Conj/Ice       1%         3d3       71%         3
 Swiftness                Air            1%         N/A       71%         3
 Airstrike                Air            0%         2d(1-17)  98%         4
 Petrify                  Tmut/Erth      1%         N/A       98%         4
 Irradiate                Conj/Tmut      0%         3d11      100%        5


Dungeon Overview and Level Annotations

Branches:
Dungeon (2/15)

Altars:

Annotations:
D:2 Natasha


Innate Abilities, Weirdness & Mutations

You have very sharp teeth.
Your uncanny sense of smell can sniff out nearby items.
Your experience applies equally to all skills.


Message History

a ball python corpse; a frilled lizard corpse A goblin comes into view.
It is wielding a +0 dagger.
There is an open door here.
Natasha hisses angrily.
Natasha barely misses you.
You closely miss Natasha. Natasha claws you!
You closely miss Natasha.
Natasha stares at you and mumbles some strange words.
The magic dart hits you.
You hit Natasha.
Natasha is moderately wounded.
Natasha mumbles some strange words.
Natasha glows brightly for a moment.
Natasha claws you!
You completely miss Natasha.
Natasha is lightly wounded.
Natasha claws you.
You barely miss Natasha.
Natasha is lightly wounded.
Natasha closely misses you.
You barely miss Natasha. Your bite misses Natasha.
Natasha is lightly wounded.
Natasha claws you.
* * * LOW HITPOINT WARNING * * *
You closely miss Natasha.
Natasha is lightly wounded.
Natasha barely misses you.
You hit Natasha but do no damage. You bite Natasha, but do no damage.
Natasha is lightly wounded.
Natasha claws you!
* * * LOW HITPOINT WARNING * * *
You closely miss Natasha. You bite Natasha, but do no damage.
Natasha is lightly wounded.
Natasha closely misses you.
You hit Natasha.
Natasha is moderately wounded.
Natasha mumbles some strange words.
You feel disoriented. Natasha claws you!
You die...

#####.######.
#####.######.
######.######.
#.............
#....#.#######
####..#### ∆
###..#..#
###.......#
#.h@...#..#
#......#'##.#
#......###.##.#
.....###...##.#
...###.†.### .#
.# #g..###∆ .#
#..## .# ##. ##


You could see Natasha.

Vanquished Creatures
  Natasha (D:2)
  4 adders (D:2)
  A dart slug (D:2)
  2 ball pythons
  2 bats (D:2)
  3 endoplasms (D:2)
  A giant cockroach (D:1)
  2 goblins
  A hobgoblin (D:2)
  A kobold (D:2)
  A quokka (D:2)
  2 frilled lizards
  A rat (D:1)
22 creatures vanquished.

Notes
Turn   | Place    | Note
-------+----------+-------------------------------------------
     0 | D:1      | lucaryo306 the Gnoll Wanderer began the quest for the Orb.
     0 | D:1      | lucaryo306 set off with the following items: a +2 falchion,
                  | a +0 short sword, a wand of flame (6), a potion of
                  | lignification, a +0 leather armour.
     0 | D:1      | Reached XP level 1. HP: 17/17 MP: 1/1
   818 | D:2      | Reached XP level 2. HP: 17/23 MP: 2/2
   857 | D:2      | Upgraded the game from 0.30-a0-395-gfe72c296f8 to
                  | 0.30-a0-627-gc11e7ae810
   953 | D:2      | Reached XP level 3. HP: 17/28 MP: 2/4
  1006 | D:2      | Reached skill level 1 in Invocations
  1321 | D:2      | Reached skill level 1 in Axes
  1321 | D:2      | Reached skill level 1 in Maces & Flails
  1321 | D:2      | Reached skill level 1 in Polearms
  1321 | D:2      | Reached skill level 1 in Staves
  1321 | D:2      | Reached skill level 1 in Ranged Weapons
  1321 | D:2      | Reached skill level 1 in Dodging
  1321 | D:2      | Reached skill level 1 in Stealth
  1321 | D:2      | Reached skill level 1 in Shields
  1321 | D:2      | Reached skill level 1 in Unarmed Combat
  1321 | D:2      | Reached skill level 1 in Spellcasting
  1349 | D:2      | Reached XP level 4. HP: 28/34 MP: 5/5
  1362 | D:2      | Noticed Natasha
  1370 | D:2      | Killed Natasha
  1371 | D:2      | Reached skill level 1 in Conjurations
  1371 | D:2      | Reached skill level 1 in Hexes
  1371 | D:2      | Reached skill level 1 in Summonings
  1371 | D:2      | Reached skill level 1 in Necromancy
  1371 | D:2      | Reached skill level 1 in Translocations
  1371 | D:2      | Reached skill level 1 in Transmutations
  1371 | D:2      | Reached skill level 1 in Fire Magic
  1371 | D:2      | Reached skill level 1 in Ice Magic
  1371 | D:2      | Reached skill level 1 in Air Magic
  1371 | D:2      | Reached skill level 1 in Earth Magic
  1371 | D:2      | Reached skill level 1 in Poison Magic
  1486 | D:2      | Noticed Natasha
  1518 | D:2      | Slain by Natasha

Illustrated notes

Levels and vault maps discovered:
D:1:      doesnt_arrival_eight_statues, layout_basic, serial_glass,
          glass_columns_c, glass_columns_b, hex_intersection
D:2:      minmay_razor_zed, layout_loops_ring, shapermc_ecumenical_altar_venn,
          reono_crystal_passage, chequers_arboretum, uniq_natasha

Skill      XL: |  1  2  3  4 |
---------------+-------------+-----
Invocations    | 1 |  1.3
Axes           | 1 |  1.2
Maces & Flails | 1 |  1.2
Polearms       | 1 |  1.2
Staves         | 1 |  1.2
Ranged Weapons | 1 |  1.2
Dodging        | 1 |  1.2
Stealth        | 1 |  1.2
Shields        | 1 |  1.2
Unarmed Combat | 1 |  1.2
Spellcasting   | 1 |  1.2
Conjurations   | 1 |  1.0
Hexes          | 1 |  1.0
Summonings     | 1 |  1.0
Necromancy     | 1 |  1.0
Translocations | 1 |  1.0
Transmutations | 1 |  1.0
Fire Magic     | 1 |  1.0
Ice Magic      | 1 |  1.0
Air Magic      | 1 |  1.0
Earth Magic    | 1 |  1.0
Poison Magic   | 1 |  1.0
Fighting       | |  2.8
Short Blades   | |  6.6
Long Blades    | |  4.7
Throwing       | |  2.8
Armour         | |  2.8
Evocations     | |  4.7

Action                   |  1- 3 |  4- 6 || total
-------------------------+-------+-------++-------
Melee: Falchion          |    58 |    21 ||    79
       Bite              |     1 |     3 ||     4
  Use: Scroll            |     2 |       ||     2
 Stab: Sleeping          |       |     1 ||     1
Armor: Leather armour    |    18 |       ||    18
Dodge: Dodged            |    31 |    12 ||    43

Table legend: (Time is in decaauts)
 A = Elapsed time spent in this place.
 B = Non-inter-level travel time spent in this place.
 C = Inter-level travel time spent in this place.
 D = Time resting spent in this place.
 E = Time spent auto-exploring this place.
 F = Levels seen in this place.
 G = Mean time per level.
                   A        B        C        D        E       F      G
               +--------+--------+--------+--------+--------+-----+--------+
         Total |   1532 |    537 |    995 |    310 |      0 |   2 |  766.0 |
       Dungeon |   1532 |    537 |    995 |    310 |      0 |   2 |  766.0 |
               +--------+--------+--------+--------+--------+-----+--------+

Top non-repeatable levels by time:
     D:1: 798 daAuts
     D:2: 734 daAuts
